 Dungeon Crawl Stone Soup version 0.20.1-1-g8b1a95d (webtiles) character file.

31306 Gargoyl the Cleaver (level 13, -4/171 HPs)
             Began as a Minotaur Abyssal Knight on July 18, 2017.
             Was a Believer of Lugonu.
             Slain by kozer's ghost (19 damage)
             ... in a volcano.
             The game lasted 00:39:07 (20978 turns).

Gargoyl the Cleaver (Minotaur Abyssal Knight)      Turns: 20978, Time: 00:39:07

Health: -4/171     AC: 26    Str: 19    XL:     13   Next: 25%
Magic:  18/18      EV:  2    Int:  9    God:    Lugonu [**....]
Gold:   1002       SH: 14    Dex: 18    Spells: 12/12 levels left

rFire    . . .     SeeInvis .   I - +2 war axe (vamp)
rCold    . . .     Gourm    .   x - +2 shield
rNeg     + + +     Faith    .   (armour currently unavailable)
rPois    +         Spirit   .   (helmet currently unavailable)
rElec    .         Reflect  .   (cloak currently unavailable)
rCorr    .         Harm     .   (gloves currently unavailable)
MR       ++...     NoTele   +   (boots currently unavailable)
Stlth    +++.......             K - amulet of magic regeneration
Regen    0.4/turn               G - ring of protection from magic
MPRegen  0.3/turn               l - ring of protection from magic

@: agile, tree-form
A: (retaliatory headbutt), sense surroundings 1
a: Depart the Abyss, Bend Space, Renounce Religion


You were in a volcano.
You worshipped Lugonu.
Lugonu was pleased with you.
You were not hungry.
You were a tree.
You visited 2 branches of the dungeon, and saw 16 of its levels.
You visited the Abyss 1 time.
You also visited: Sewer and Volcano.

You collected 1092 gold pieces.
You spent 90 gold pieces at shops.

Inventory:

Hand Weapons
 a - a +2 hand axe
 I - a +2 vampiric war axe (weapon)
Missiles
 A - 7 tomahawks (quivered)
Armour
 b - a +2 cloak (melded)
 e - a +1 hat (melded)
 x - a +2 shield (worn)
 J - a +1 plate armour (melded)
 S - a +2 pair of gloves (melded)
Jewellery
 l - a ring of protection from magic (right branch)
 o - an uncursed ring of ice
 s - an uncursed ring of see invisible
 G - a ring of protection from magic (left branch)
 K - an amulet of magic regeneration (around neck)
Wands
 i - a wand of iceblast (6/15)
 j - a wand of lightning (8/15)
 n - a wand of confusion (13/48)
 r - a wand of digging (10/24)
 y - a wand of confusion (15/48)
 C - a wand of confusion (16/48)
 E - a wand of flame (4/48)
 F - a wand of random effects (28/48)
 N - a wand of lightning (7/15)
 O - a wand of disintegration (14/24)
 T - a wand of flame (28/48)
 X - a wand of iceblast (3/15)
Scrolls
 p - 2 scrolls of fear
 u - 2 scrolls of recharging
 v - 7 scrolls of remove curse
 D - 2 scrolls of blinking
 H - 3 scrolls of teleportation
 V - 2 scrolls of identify
Potions
 g - 5 potions of agility
 k - a potion of haste
 m - 8 potions of curing
 q - 6 potions of flight
 z - a potion of brilliance
 B - 2 potions of invisibility
 L - 2 potions of resistance
 M - a potion of berserk rage {unknown}
 Q - 4 potions of lignification
Books
 w - a book of Minor Magic

   Spells                             Type                      Level
   a - Magic Dart                     Conjuration                  1
   b - Blink                          Translocation                2
   c - Call Imp                       Summoning                    2
   d - Slow                           Hexes                        2
   e - Conjure Flame                  Conjuration/Fire             3
   f - Mephitic Cloud                 Conjuration/Poison/Air       3
Comestibles
 c - 3 bread rations
 f - 8 royal jellies
 h - 12 fruits
 t - 8 meat rations


   Skills:
 + Level 10.5 Fighting
 + Level 14.4 Axes
 + Level 2.4 Throwing
 * Level 13.6 Armour
 + Level 3.6 Dodging
 - Level 1.0 Stealth
 + Level 10.1 Shields
 * Level 8.6 Invocations
 + Level 1.1 Evocations


You had 12 spell levels left.
You didn't know any spells.

Dungeon Overview and Level Annotations

Branches:
Dungeon (11/15)            Temple (0/1) D:6            Lair (5/6) D:11
  Swamp (0/4) Lair:4        Snake (0/4) Lair:4        Slime (0/5) Lair:5
    Orc: D:9-12

Altars:
Ashenzari
Dithmenos
Elyvilon
Gozag
Makhleb
Qazlal
Sif Muna
Trog
Uskayaw
Zin
The Shining One

Shops:
D:4 =[*

Annotations:
Volcano kozer's ghost, journeyman HaSk


Innate Abilities, Weirdness & Mutations

((You reflexively headbutt those who attack you in melee.))
((You have a pair of horns on your head.))
((You are partially covered in slimy green scales. (AC +2)))
You passively map a small area around you.
((Your movements are slightly less encumbered by armour. (ER -2)))


Message History

Kozer's ghost is lightly damaged.
Kozer's ghost hits you but does no damage.
You miss kozer's ghost.
Kozer's ghost is lightly damaged.
You block kozer's ghost's attack.
Your shield prevents you from hitting kozer's ghost.
Kozer's ghost is lightly damaged.
Kozer's ghost hits you but does no damage.
You are electrocuted!
* * * LOW HITPOINT WARNING * * *
Unknown command.
You feel better.
Kozer's ghost mumbles some strange words.
Kozer's ghost's wounds begin to heal before your eyes!
Okay, then.
You closely miss kozer's ghost.
Kozer's ghost is lightly damaged.
Kozer's ghost hits you but does no damage.
You are electrocuted!
You die...

≈ * ## ####
##.##*##..## ,
##.≈..##...§##
*##§≈≈..#...§§§#
#§§§≈≈≈'..∩§§≈# ≈
.§§§§≈≈##W.§§≈# #*
####≈§§≈≈##.♣§§≈#
≈#≈##'.##≈≈≈##..§≈§≈#
.k≈..##.#####'..§§§§#
≈k≈≈.###.###.#....≈§#
≈§≈.## ##...###...≈##
≈§≈. ##..# ##.###
≈≈.#* #.## ### ...
### ..#


You could see kozer's ghost.

Vanquished Creatures
  Gastronok (D:8)
  Erica (D:8)
  5 two-headed ogres
  3 death yaks (Lair:4)
  An unseen horror (D:10)
  A lindwurm (Lair:4)
  A toenail golem (Volcano)
  Joseph (D:8)
  Maurice (D:11)
  A centaur skeleton (D:10)
  A gargoyle (D:10)
  5 spiny frogs
  5 komodo dragons
  2 hornets
  8 blink frogs
  7 dream sheep (Lair:2)
  3 hippogriffs
  2 fire elementals
  2 wyverns
  A vampire (D:8)
  20 yaks
  2 hungry ghosts
  2 basilisks
  Grum (D:11)
  2 nagas (Lair:4)
  Duvessa (D:5)
  5 water moccasins
  3 orc warriors
  7 porcupines
  An ice beast (D:10)
  2 sky beasts
  A phantom (D:6)
  2 wolves (D:11)
  6 ogres
  13 centaurs
  3 crocodiles
  3 big kobolds (Sewer)
  13 bullfrogs
  2 gnoll sergeants
  3 earth elementals (Volcano)
  Dowan (D:5)
  A scorpion (D:10)
  2 water moccasin skeletons
  A howler monkey (D:10)
  6 killer bees (D:10)
  3 wights (D:11)
  2 lava snakes (D:11)
  4 electric eels (D:9)
  4 crimson imps
  2 bullfrog zombies
  2 centaur zombies
  14 jellies
  5 hounds
  2 orc priests (D:6)
  An iguana (D:4)
  4 orc wizards
  10 worker ants
  A hound zombie (D:6)
  2 hound skeletons
  2 worker ant zombies
  18 gnolls
  17 adders
  A howler monkey skeleton (D:6)
  5 river rats (Sewer)
  2 shadow imps
  An ooze (D:3)
  An adder skeleton (D:4)
  An adder zombie (D:8)
  2 worms
  6 leopard geckos
  22 orcs
  13 bats
  10 giant cockroaches
  11 goblins
  4 hobgoblins
  5 jackals
  17 kobolds
  6 quokkas
  7 ball pythons
  11 frilled lizards
  A jackal skeleton (D:6)
  25 rats
  A fire vortex (D:11)
  A fungus (Lair:1)
  A plant (D:11)
402 creatures vanquished.

Vanquished Creatures (collateral kills)
  A komodo dragon (Lair:4)
1 creature vanquished.

Vanquished Creatures (others)
  The ghost of Knicklaso the Carver, a journeyman MiBe of Trog (Lair:1)
  3 hydras
  The ghost of SirMumm the Spear-Bearer, a journeyman GrWz of Okawaru (Lair:2)
  3 oklob plants (D:11)
  A porcupine (Lair:2)
  An adder skeleton (D:9)
  A fire vortex (Volcano)
  A plant (D:11)
12 creatures vanquished.

Grand Total: 415 creatures vanquished

Notes
Turn   | Place    | Note
-------+----------+-------------------------------------------
     0 | Abyss:1  | Gargoyl the Minotaur Abyssal Knight began the quest for the Orb.
     0 | Abyss:1  | Reached XP level 1. HP: 19/19 MP: 1/1
     7 | Abyss:1  | Found a blossoming altar of Fedhas.
    65 | Abyss:2  | Noticed a white very ugly thing
    89 | Abyss:2  | Noticed a fire bat
    90 | Abyss:2  | Noticed a fire bat
    90 | D:1      | Escaped the Abyss
   315 | D:1      | Reached XP level 2. HP: 19/27 MP: 2/2
   460 | D:1      | Reached * piety under Lugonu
   912 | D:2      | Reached XP level 3. HP: 31/34 MP: 3/3
  1029 | D:2      | Found a white marble altar of Elyvilon.
  1152 | D:2      | Reached ** piety under Lugonu
  1305 | D:2      | Found a deep blue altar of Sif Muna.
  1499 | D:2      | Reached skill level 3 in Axes
  1737 | D:3      | Reached XP level 4. HP: 36/41 MP: 4/4
  2276 | D:4      | Found a glowing golden altar of the Shining One.
  2294 | D:4      | Found Fobaruer's Jewellery Shop.
  2326 | D:4      | Found a glowing drain.
  2335 | D:4      | Reached skill level 5 in Fighting
  2373 | Sewer    | Entered a sewer
  2508 | Sewer    | Reached *** piety under Lugonu
  2523 | Sewer    | Reached XP level 5. HP: 48/48 MP: 5/5
  2720 | Sewer    | Reached skill level 4 in Axes
  2912 | Sewer    | Reached XP level 6. HP: 26/56 MP: 6/6
  2912 | Sewer    | Reached **** piety under Lugonu
  3235 | Sewer    | Reached skill level 5 in Axes
  3496 | D:4      | Found Idduv's Antique Armour Emporium.
  3499 | D:4      | Bought a shield for 90 gold pieces
  3570 | D:4      | Reached skill level 5 in Armour
  3579 | D:4      | Found Gozag's Platinum Reserve.
  3693 | D:4      | Found an opulent altar of Gozag.
  4170 | D:5      | Entered Level 5 of the Dungeon
  4188 | D:5      | Noticed Duvessa
  4191 | D:5      | Noticed Dowan
  4198 | D:5      | Killed Duvessa
  4198 | D:5      | Reached XP level 7. HP: 49/63 MP: 7/7
  4209 | D:5      | Killed Dowan
  4428 | D:5      | Reached skill level 6 in Axes
  5304 | D:5      | Reached skill level 1 in Shields
  5472 | D:6      | Reached skill level 7 in Axes
  5472 | D:6      | Reached XP level 8. HP: 69/71 MP: 8/8
  5491 | D:6      | Found a hide-covered altar of Uskayaw.
  5680 | D:6      | Noticed a two-headed ogre
  5700 | D:6      | Killed a two-headed ogre
  5700 | D:6      | Reached skill level 8 in Axes
  5700 | D:6      | Reached skill level 1 in Evocations
  5939 | D:6      | Found a bloodstained altar of Trog.
  5997 | D:6      | Reached XP level 9. HP: 76/79 MP: 9/9
  6005 | D:6      | Gained mutation: You are weak. (Str -2) [potion of mutation]
  6005 | D:6      | Gained mutation: You passively map a small area around you. [potion of mutation]
  6035 | D:6      | Reached skill level 9 in Axes
  6140 | D:6      | Found a glowing silver altar of Zin.
  6245 | D:6      | Found a staircase to the Ecumenical Temple.
  6344 | D:6      | Reached ***** piety under Lugonu
  7173 | D:7      | Found a stormy altar of Qazlal.
  7487 | D:8      | Noticed Joseph
  7518 | D:8      | Killed Joseph
  7518 | D:8      | Reached skill level 10 in Axes
  7518 | D:8      | Reached skill level 5 in Shields
  7655 | D:8      | Noticed a two-headed ogre
  7675 | D:8      | Killed a two-headed ogre
  7675 | D:8      | Reached skill level 1 in Throwing
  7774 | D:8      | Noticed Gastronok
  7798 | D:8      | Found a burning altar of Makhleb.
  7825 | D:8      | Killed Gastronok
  7825 | D:8      | Reached skill level 11 in Axes
  7825 | D:8      | Reached skill level 1 in Stealth
  7825 | D:8      | Reached XP level 10. HP: 36/89 MP: 10/10
  8424 | D:8      | Noticed Erica
  8446 | D:8      | Killed Erica
  8446 | D:8      | Reached skill level 10 in Armour
  9235 | D:8      | Reached skill level 12 in Axes
 10030 | D:9      | Found a shadowy altar of Dithmenos.
 10697 | D:9      | Gained mutation: You expend magic power (3 MP) to strengthen your wands. [mutagenic meat]
 10698 | D:9      | Gained mutation: You are resistant to electric shocks. (rElec) [mutagenic meat]
 10699 | D:9      | Gained mutation: Your flesh is heat resistant. (rF+) [mutagenic meat]
 10701 | D:9      | Gained mutation: Your magical capacity is low. (-10% MP) [mutagenic meat]
 10702 | D:9      | Gained mutation: Your spells are a little harder to cast, but a little more powerful. [mutagenic meat]
 11122 | D:10     | Entered Level 10 of the Dungeon
 11208 | D:10     | Reached XP level 11. HP: 93/95 MP: 10/10
 11427 | D:10     | Noticed a two-headed ogre
 11451 | D:10     | Killed a two-headed ogre
 11807 | D:10     | Noticed a two-headed ogre
 11816 | D:10     | Killed a two-headed ogre
 12289 | D:10     | Killed an unseen horror
 12439 | D:11     | Noticed a two-headed ogre
 12448 | D:11     | Killed a two-headed ogre
 12600 | D:11     | Noticed an oklob plant
 12604 | D:11     | Noticed an oklob plant
 12604 | D:11     | Noticed an oklob plant
 12942 | D:11     | Noticed Maurice
 12955 | D:11     | Killed Maurice
 13183 | D:11     | Noticed Grum
 13204 | D:11     | Killed Grum
 13841 | D:11     | Banished an oklob plant
 13841 | D:11     | Reached skill level 13 in Axes
 13844 | D:11     | Found a staircase to the Lair.
 13850 | D:11     | Banished an oklob plant
 14134 | D:11     | Banished an oklob plant
 14312 | Lair:1   | Entered Level 1 of the Lair of Beasts
 14486 | Lair:1   | Reached skill level 5 in Invocations
 14490 | Lair:1   | Noticed Knicklaso's ghost (journeyman MiBe)
 14496 | Lair:1   | Reached XP level 12. HP: 39/106 MP: 13/13
 14498 | Lair:1   | HP: 4/106 [Knicklaso's ghost (11)]
 14501 | Lair:1   | Banished Knicklaso's ghost
 15148 | Lair:1   | Noticed a seven-headed hydra
 15149 | Lair:1   | Banished a seven-headed hydra
 15465 | Lair:1   | Noticed a four-headed hydra
 15469 | Lair:1   | Banished a four-headed hydra
 15815 | Lair:2   | Reached skill level 10 in Fighting
 16439 | Lair:2   | Lost mutation: Your flesh is heat resistant. (rF+) [potion of mutation]
 16439 | Lair:2   | Lost mutation: Your magical capacity is low. (-10% MP) [potion of mutation]
 16439 | Lair:2   | Lost mutation: You are weak. (Str -2) [potion of mutation]
 16439 | Lair:2   | Lost mutation: You expend magic power (3 MP) to strengthen your wands. [potion of mutation]
 16439 | Lair:2   | Lost mutation: You are resistant to electric shocks. (rElec) [potion of mutation]
 16439 | Lair:2   | Lost mutation: You passively map a small area around you. [potion of mutation]
 16439 | Lair:2   | Gained mutation: Your flesh is heat resistant. (rF+) [potion of mutation]
 16439 | Lair:2   | Gained mutation: You have sharp fingernails. [potion of mutation]
 16457 | Lair:2   | Reached skill level 14 in Axes
 16510 | Lair:2   | Noticed SirMumm's ghost (journeyman GrWz)
 16783 | Lair:2   | Noticed an eight-headed hydra
 16787 | Lair:2   | Banished an eight-headed hydra
 16936 | Lair:2   | Banished SirMumm's ghost
 17951 | Lair:3   | Lost mutation: You have sharp fingernails. [potion of mutation]
 17951 | Lair:3   | Lost mutation: Your spells are a little harder to cast, but a little more powerful. [potion of mutation]
 17951 | Lair:3   | Lost mutation: Your flesh is heat resistant. (rF+) [potion of mutation]
 17951 | Lair:3   | Gained mutation: Your movements are slightly less encumbered by armour. (ER -2) [potion of mutation]
 17951 | Lair:3   | Gained mutation: You passively map a small area around you. [potion of mutation]
 17951 | Lair:3   | Gained mutation: You are partially covered in slimy green scales. (AC +2) [potion of mutation]
 18645 | Lair:4   | Reached skill level 10 in Shields
 19121 | Lair:4   | Found a staircase to the Swamp.
 19172 | Lair:4   | Found a shattered altar of Ashenzari.
 19184 | Lair:4   | Noticed a death yak
 19186 | Lair:4   | Noticed a death yak
 19213 | Lair:4   | Killed a death yak
 19231 | Lair:4   | Killed a death yak
 19231 | Lair:4   | Reached XP level 13. HP: 114/114 MP: 17/17
 19349 | Lair:4   | Found a staircase to the Snake Pit.
 20309 | Lair:5   | Found a staircase to the Slime Pits.
 20352 | Lair:5   | Found a dark tunnel.
 20360 | Volcano  | Entered a volcano
 20733 | Volcano  | Noticed kozer's ghost (journeyman HaSk)
 20976 | Volcano  | HP: 7/171 [kozer's ghost (16)]
 20978 | Volcano  | Slain by kozer's ghost

Skill      XL: |  1  2  3  4  5  6  7  8  9 10 11 12 13 |
---------------+----------------------------------------+-----
Fighting       | 4 5 6 7 8 9 10 | 10.5
Axes           | 3 4 5 7 8 11 12 13 14 | 14.4
Dodging        | 2 3 |  3.6
Armour         | 3 4 5 6 7 9 10 11 13 | 13.6
Shields        | 1 3 6 8 9 10 | 10.1
Evocations     | 1 |  1.1
Throwing       | 1 2 |  2.4
Stealth        | 1 |  1.0
Invocations    | 2 5 7 8 |  8.6

Action                   |  1- 3 |  4- 6 |  7- 9 | 10-12 | 13-15 || total
-------------------------+-------+-------+-------+-------+-------++-------
Melee: Hand axe          |   124 |   178 |   375 |   173 |       ||   850
       Headbutt          |    15 |    26 |    73 |   147 |    34 ||   295
       War axe           |       |       |       |   625 |   171 ||   796
Throw: Tomahawk          |       |       |     5 |    13 |       ||    18
Invok: Depart the Abyss  |     1 |       |       |       |       ||     1
       Banish            |       |       |       |    15 |    18 ||    33
Evoke: Wand              |       |       |     6 |       |       ||     6
  Use: Scroll            |     8 |     3 |    14 |    13 |     3 ||    41
       Potion            |       |       |    12 |     6 |     5 ||    23
 Stab: Confused          |       |       |       |     1 |       ||     1
  Eat: Chunk             |     3 |     7 |    10 |    32 |       ||    52
       Bread ration      |       |       |     1 |     4 |     2 ||     7
       Meat ration       |       |       |       |     1 |       ||     1
       Fruit             |       |       |       |       |     7 ||     7
Armor: Leather armour    |    37 |       |       |       |       ||    37
       Chain mail        |    49 |   162 |   168 |    25 |       ||   404
       Plate armour      |       |       |       |   382 |   109 ||   491
       Skin              |       |       |       |       |     7 ||     7
Dodge: Dodged            |   108 |    97 |    61 |   113 |    50 ||   429
Block: Shield            |       |    11 |   152 |   444 |   129 ||   736
